 Dungeon Sprint DCSS version 0.21.2 (webtiles) character file.

2037 Fang the Cleaver (level 9, -1/65 HPs)
             Began as a Gargoyle Berserker on Oct 9, 2018.
             Was a High Priest of Trog.
             Slain by a bullfrog (4 damage)
             ... in the Dungeon (Sprint IX: "|||||||||||||||||||||||||||||").
             The game lasted 00:01:51 (576 turns).

Fang the Cleaver (Gargoyle Berserker)                Turns: 576, Time: 00:01:52

Health: -1/65      AC: 13    Str: 26    XL:     9   Next: 24%
Magic:  9/9        EV: 12    Int: 12    God:    Trog [*****.]
Gold:   0          SH:  0    Dex:  9    Spells: 8/8 levels left

rFire    . . .     SeeInvis .   b - +2 battleaxe (venom)
rCold    . . .     Gourm    .   (shield currently unavailable)
rNeg     + . .     Faith    .   q - +1 scale mail
rPois    ∞         Spirit   .   r - +0 helmet
rElec    +         Reflect  .   (no cloak)
rCorr    .         Harm     .   (no gloves)
MR       .....     Clarity  +   (no boots) Stlth ..........NoTele +
                                (no amulet)
HPRegen  0.20/turn              o - +3 ring of intelligence
MPRegen  0.11/turn              p - +3 ring of strength

@: berserk cooldown, slowed, very slow
A: clarity, deformed body, negative energy resistance 1, electricity resistance,
unbreathing, petrification resistance, rot immunity, MP-powered wands, AC +6
a: Berserk, Trog's Hand, Brothers in Arms, Burn Spellbooks, Renounce Religion


You were in the Dungeon.
You worshipped Trog.
Trog was extremely pleased with you.
You were hungry.

You visited 1 branch

Inventory:

Hand Weapons
 b - a +2 battleaxe of venom (weapon)
 n - a +3 war axe of chopping
Armour
 q - a +1 scale mail (worn)
 r - a +0 helmet (worn)
Jewellery
 o - a +3 ring of intelligence (left hand)
 p - a +3 ring of strength (right hand)
Wands
 m - a wand of iceblast (10)
Scrolls
 i - 3 scrolls of blinking
 l - 3 scrolls of remove curse
 t - 3 scrolls of identify
 u - 2 scrolls of fear
 v - a scroll of fog
Potions
 d - 5 potions of curing
 e - 5 potions of heal wounds
 f - a potion of haste
 g - 4 potions of magic
 h - a potion of berserk rage
 j - 2 potions of resistance
 k - a potion of invisibility
 s - a potion of might
Comestibles
 c - 2 rations


   Skills:
 + Level 12.2 Fighting
 + Level 13.1 Axes
 + Level 7.5 Armour
 + Level 5.6 Dodging
 + Level 2.1 Stealth


You had 8 spell levels left.
You didn't know any spells.

Dungeon Overview and Level Annotations

Branches:
Dungeon (1/1)

Altars:
Cheibriados
Dithmenos
Elyvilon
Fedhas
Gozag
Hepliaklqana
Kikubaaqudgha
Makhleb
Nemelex Xobeh
Okawaru
Qazlal
Ru
Sif Muna
Trog
Uskayaw
Vehumet
Wu Jian
Xom
Yredelemnul
Zin
The Shining One
Beogh
Jiyva
Lugonu


Innate Abilities, Weirdness & Mutations

You are resistant to torment.
Your stone body is resilient. (AC +6)
You are immune to poison.
You resist negative energy. (rN+)
You are resistant to electric shocks. (rElec)
You can survive without breathing.
You are immune to petrification.
You are immune to rotting.
You possess an exceptional clarity of mind.
Armour fits poorly on your strangely shaped body.
You expend magic power (3 MP) to strengthen your wands.


Message History

The komodo dragon barely misses you. The komodo dragon closely misses you.
Unknown command.
You slash the komodo dragon!
The komodo dragon looks as sick as possible!
The komodo dragon is almost dead.
The komodo dragon barely misses you.
The bullfrog releases a deep croak.
The bullfrog swells and bulges.
The komodo dragon misses you.
The bullfrog snags a nearby baby bat with its tongue.
The komodo dragon hisses menacingly.
Your troll goes berserk!
You feel somewhat more hungry.
You kill the komodo dragon!
Trog accepts your kill.
Your Axes skill increases to level 13!
The bullfrog hits you.
* * * LOW HITPOINT WARNING * * *
Your troll rages.
The bullfrog completely misses you. The bullfrog hits you.
You die...

▓.▓.▓.▓
▓.▓.▓.▓
▓.▓.▓.▓
▓)▓.▓.▓
▓.▓.▓.▓
▓.▓.▓'▓
▓.▓.▓_▓
▓T▓.▓_▓
▓@▓.▓_▓
▓F▓.▓_▓
▓F▓.▓_▓
▓r▓.▓_▓
▓F▓.▓_▓
▓.▓.▓_▓
▓.▓.▓_▓
▓.▓.▓_▓
▓.▓.▓_▓


You could see a spiny frog, 2 bullfrogs, a porcupine and a friendly troll
(berserk).

Vanquished Creatures
  A centaur warrior (D)
  A komodo dragon (D)
  A slime creature (D)
  A yak (D)
  A water moccasin (D)
  3 porcupines (D)
  An eye of draining (D)
  A gnoll sergeant (D)
  A howler monkey (D)
  A crimson imp (D)
  A quasit (D)
  2 hounds (D)
  2 orc wizards (D)
  A worker ant (D)
  An adder (D)
  An orc (D)
  2 giant cockroaches (D)
  A quokka (D)
  3 frilled lizards (D)
  A leopard gecko zombie (D)
27 creatures vanquished.

Notes
Turn   | Place    | Note
-------+----------+-------------------------------------------
     0 | D        | Fang the Gargoyle Berserker began the quest for the Orb.
     0 | D        | Reached XP level 1. HP: 14/14 MP: 1/1
     6 | D        | Reached skill level 3 in Axes
     9 | D        | Reached ** piety under Trog
    18 | D        | Noticed a worker ant
    18 | D        | Noticed a crimson imp
    18 | D        | Noticed a howler monkey
    21 | D        | Reached XP level 2. HP: 20/20 MP: 2/2
    24 | D        | Reached *** piety under Trog
    24 | D        | Reached skill level 5 in Fighting
    24 | D        | Reached skill level 4 in Axes
    24 | D        | Reached XP level 3. HP: 25/26 MP: 3/3
    28 | D        | Reached skill level 5 in Axes
    28 | D        | Reached XP level 4. HP: 29/32 MP: 4/4
    34 | D        | Reached skill level 6 in Axes
   159 | D        | Found a roughly hewn altar of Beogh.
   159 | D        | Found a snail-covered altar of Cheibriados.
   159 | D        | Found a shadowy altar of Dithmenos.
   159 | D        | Found a white marble altar of Elyvilon.
   159 | D        | Found a blossoming altar of Fedhas.
   159 | D        | Found an opulent altar of Gozag.
   160 | D        | Found a hazy altar of Hepliaklqana.
   161 | D        | Found a viscous altar of Jiyva.
   162 | D        | Found an ancient bone altar of Kikubaaqudgha.
   163 | D        | Found a corrupted altar of Lugonu.
   200 | D        | Found a burning altar of Makhleb.
   201 | D        | Found a sparkling altar of Nemelex Xobeh.
   202 | D        | Found an iron altar of Okawaru.
   203 | D        | Found a stormy altar of Qazlal.
   204 | D        | Found a sacrificial altar of Ru.
   205 | D        | Found a deep blue altar of Sif Muna.
   206 | D        | Found a bloodstained altar of Trog.
   207 | D        | Found a hide-covered altar of Uskayaw.
   208 | D        | Found a radiant altar of Vehumet.
   209 | D        | Found an ornate altar of the Wu Jian Council.
   210 | D        | Found a shimmering altar of Xom.
   211 | D        | Found a basalt altar of Yredelemnul.
   212 | D        | Found a glowing silver altar of Zin.
   213 | D        | Found a glowing golden altar of the Shining One.
   266 | D        | Noticed a gnoll sergeant
   266 | D        | Noticed a yak
   269 | D        | Reached **** piety under Trog
   269 | D        | Reached XP level 5. HP: 38/38 MP: 5/5
   275 | D        | Reached skill level 7 in Axes
   277 | D        | Reached XP level 6. HP: 45/45 MP: 6/6
   277 | D        | Reached skill level 8 in Axes
   280 | D        | Killed a yak
   280 | D        | Reached ***** piety under Trog
   280 | D        | Reached skill level 9 in Axes
   280 | D        | Reached skill level 5 in Armour
   334 | D        | Noticed a slime creature
   334 | D        | Noticed a centaur warrior
   334 | D        | Noticed an eye of draining
   338 | D        | Killed a slime creature
   338 | D        | Reached skill level 10 in Fighting
   338 | D        | Reached skill level 10 in Axes
   338 | D        | Reached skill level 1 in Stealth
   338 | D        | Reached XP level 7. HP: 52/52 MP: 0/7
   341 | D        | Killed a centaur warrior
   341 | D        | Reached skill level 11 in Axes
   341 | D        | Reached skill level 5 in Dodging
   341 | D        | Reached XP level 8. HP: 60/60 MP: 0/8
   345 | D        | Reached skill level 12 in Axes
   350 | D        | Received a gift from Trog
   545 | D        | Gained mutation: You expend magic power (3 MP) to strengthen your wands. [potion of mutation]
   545 | D        | Gained mutation: Armour fits poorly on your strangely shaped body. [potion of mutation]
   545 | D        | Gained mutation: You possess an exceptional clarity of mind. [potion of mutation]
   557 | D        | Noticed a komodo dragon
   564 | D        | Reached XP level 9. HP: 65/65 MP: 9/9
   566 | D        | Noticed a spiny frog
   571 | D        | HP: 3/65 [komodo dragon (21)]
   575 | D        | Killed a komodo dragon
   575 | D        | Reached skill level 13 in Axes
   576 | D        | Slain by a bullfrog

Skill      XL: |  1  2  3  4  5  6  7  8  9 |
---------------+----------------------------+-----
Axes           | 3 4 5 6 7 10 11 12 13 | 13.1
Fighting       | 4 5 6 7 8 10 11 12 | 12.2
Armour         | 3 4 5 6 7 |  7.5
Dodging        | 2 3 4 5 |  5.6
Stealth        | 1 2 |  2.1

Action                   |  1- 3 |  4- 6 |  7- 9 || total
-------------------------+-------+-------+-------++-------
Melee: Hand axe          |    16 |     6 |       ||    22
       War axe           |       |    17 |    20 ||    37
       Battleaxe         |       |       |    14 ||    14
Invok: Berserk           |     1 |     2 |     1 ||     4
       Brothers in Arms  |       |       |     1 ||     1
  Use: Potion            |       |       |     1 ||     1
  Eat: Chunk             |       |       |     2 ||     2
Armor: Animal skin       |     4 |       |       ||     4
       Scale mail        |       |     5 |    29 ||    34
Dodge: Dodged            |     7 |    10 |    33 ||    50
